 Dungeon Crawl Stone Soup version 0.31-a0-810-ga77100ea1a (webtiles) character file.

Game seed: 6337096448030329880

1026 IdlyInterested the Magician (level 8, -5/62 HPs)
             Began as a Demonspawn Fighter on Sept 21, 2023.
             Slain by a basilisk (7 damage)
             ... while petrified by a basilisk
             ... on level 6 of the Dungeon.
             The game lasted 00:19:08 (6214 turns).

IdlyInterested the Magician (Demonspawn Fighter)    Turns: 6214, Time: 00:19:09

Health: -5/62      AC:  6    Str: 16    XL:     8   Next: 2%
Magic:  16/16      EV:  2    Int: 17    God:
Gold:   93         SH:  0    Dex: 14    Spells: 18/18 levels left

rFire   . . .        j - +0 short sword (elec)
rCold   . . .        s - +0 kite shield
rNeg    + + +        b - +0 scale mail
rPois   ∞            (no helmet)
rElec   .            (no cloak)
rCorr   .            (no gloves)
SInv    .            (no boots)
Will    .....        h - amulet of the acrobat Stlth
                     l - +6 ring of intelligence
HPRegen 0.30/turn    (no ring)
MPRegen 0.15/turn

%: acrobat
@: petrified
A: hooves 2, powered by pain 1, weakness stinger 1
a: no special abilities


You were on level 6 of the Dungeon.
You visited 2 branches of the dungeon, and saw 7 of its levels.

You collected 289 gold pieces.
You spent 196 gold pieces at shops.

Inventory:

Hand Weapons
 a - a +0 rapier
 d - a +2 whip of electrocution
 e - a +0 long sword
 i - a +0 spear
 j - a +0 short sword of electrocution (weapon)
 v - a +2 dagger of speed
 G - a +4 dagger
Missiles
 g - 19 stones (quivered)
 E - 2 boomerangs
Armour
 b - a +0 scale mail (worn)
 c - a +0 buckler
 k - a +0 ring mail
 q - a +0 robe
 s - a +0 kite shield (worn)
Jewellery
 h - an amulet of the acrobat (around neck)
 l - a +6 ring of intelligence (left hand)
Talismans
 r - a blade talisman
 C - a beast talisman
 D - a maw talisman
Wands
 f - a wand of charming (8)
 M - a wand of flame (14)
Scrolls
 m - 4 scrolls of teleportation
 o - a scroll of immolation
 t - 2 scrolls of poison
 u - a scroll of enchant armour
 y - a scroll of fog
 F - a scroll of fear
Potions
 n - a potion of haste {unknown}
 w - a potion of attraction {unknown}
 x - a potion of resistance
 z - 2 potions of curing {unknown}
 A - a potion of ambrosia {unknown}
 B - a potion of berserk rage {unknown}
 H - a potion of enlightenment {unknown}
 I - a potion of brilliance {unknown}
 J - a potion of invisibility {unknown}
 K - a potion of mutation
 N - a potion of experience {unknown}


   Skills:
 - Level 5.0 Fighting
 * Level 2.2 Short Blades
 - Level 1.0 Throwing
 + Level 3.3 Armour
 - Level 3.0 Dodging
 - Level 1.0 Stealth
 - Level 3.0 Shields
 * Level 5.6 Spellcasting
 - Level 1.0 Evocations
 - Level 1.0 Shapeshifting


You had 18 spell levels left.
You didn't know any spells.
Your spell library contained the following spells:

 Spells                   Type           Power      Damage    Failure   Level
 Sublimation of Blood     Necr           4%         N/A       91%         2
 Wereblood                Tmut           4%         N/A       91%         2
 Summon Hydra             Summ           2%         N/A       100%        7


Dungeon Overview and Level Annotations

Branches:
Dungeon (6/15)             Temple (1/1) D:4

Altars:
Ashenzari
Cheibriados
Dithmenos
Fedhas
Gozag
Hepliaklqana
Kikubaaqudgha
Makhleb
Okawaru
Qazlal
Ru
Sif Muna
Trog
Uskayaw
Vehumet
Wu Jian
Xom
Yredelemnul

Shops:
D:5 !


Innate Abilities, Weirdness & Mutations

You have hoof-like feet.
You sometimes gain a little power by taking damage.
You have a small tail.


Message History

The basilisk bites you.
* * * LOW HITPOINT WARNING * * *
You block the vampire mosquito's attack.
Okay, then.
You barely miss the vampire mosquito.
The vampire mosquito is lightly damaged.
The vampire mosquito closely misses you.
The basilisk gazes at you.
You are slowing down.
The vampire mosquito bites you.
* * * LOW HITPOINT WARNING * * *
The vampire mosquito draws strength from your injuries!
You barely miss the vampire mosquito.
You block the vampire mosquito's attack.
The basilisk barely misses you. The vampire mosquito bites you.
* * * LOW HITPOINT WARNING * * *
The vampire mosquito draws strength from your injuries!
The basilisk bites you!
* * * LOW HITPOINT WARNING * * *
The vampire mosquito bites you!
* * * LOW HITPOINT WARNING * * *
The vampire mosquito draws strength from your injuries!
Your limbs are stiffening.
You hit the vampire mosquito.
Lightning courses through the vampire mosquito!
Your kick misses the vampire mosquito.
Your tail-slap misses the vampire mosquito.
The vampire mosquito is severely damaged.
You block the vampire mosquito's attack.
The vampire mosquito bites you but does no damage.
The basilisk gazes at you. You resist with some effort.
The vampire mosquito bites you but does no damage.
The basilisk completely misses you.
You have turned to stone.
The vampire mosquito bites you.
* * * LOW HITPOINT WARNING * * *
The vampire mosquito bites you.
* * * LOW HITPOINT WARNING * * *
The basilisk bites you!
You die...

#................................
........#########...###..........
........#.....................##.
...............................+.
..>.....#.....................##.
........#...........#####.....##.
....................# #.....##.
##+##.........#..l..## #.....##.
##+##.......###.@y...# #........
............# #####''####...#....
............# ##........#####....
.........######..........# #....
.........# #............# #....
....#....# #.....:........###...
....#....# #................ #...
....#....# .........l....... #...
......#### ................? ##..


You could see a basilisk and a vampire mosquito.

Vanquished Creatures
  An ice beast (D:6)
  2 black bears (D:6)
  A centaur (D:6)
  A phantom (D:6)
  2 scorpions
  4 hounds
  A jelly (D:6)
  An orc priest (D:5)
  An iguana (D:6)
  3 orc wizards (D:5)
  7 adders
  A shadow imp (D:5)
  4 ufetubi
  5 worms
  14 orcs
  9 bats
  12 endoplasms
  3 giant cockroaches
  6 goblins
  7 hobgoblins
  7 kobolds
  2 quokkas
  10 ball pythons
  2 frilled lizards (D:1)
  4 rats
110 creatures vanquished.

Notes
Turn   | Place    | Note
-------+----------+-------------------------------------------
     0 | D:1      | IdlyInterested the Demonspawn Fighter began the quest for
                  | the Orb.
     0 | D:1      | Reached XP level 1. HP: 18/18 MP: 1/1
   409 | D:1      | Discovered your monstrous ancestry.
   409 | D:1      | Gained mutation: You have large cloven feet. [demonic
                  | ancestry]
   409 | D:1      | Reached XP level 2. HP: 24/24 MP: 3/3
   451 | D:1      | Reached skill level 1 in Spellcasting
  1130 | D:2      | Gained mutation: You sometimes gain a little power by
                  | taking damage. [demonic ancestry]
  1130 | D:2      | Reached XP level 3. HP: 29/29 MP: 5/5
  1348 | D:2      | Found a faded altar of an unknown god.
  1391 | D:2      | Reached skill level 1 in Dodging
  2591 | D:3      | Reached XP level 4. HP: 35/35 MP: 5/7
  3659 | D:4      | Found a staircase to the Ecumenical Temple.
  3674 | D:4      | Reached XP level 5. HP: 41/42 MP: 8/8
  3817 | Temple   | Entered the Ecumenical Temple
  4261 | D:5      | Entered Level 5 of the Dungeon
  4261 | D:5      | Found Koisugra's Distillery.
  4384 | D:5      | Gained mutation: You have a small tail. [demonic ancestry]
  4384 | D:5      | Reached XP level 6. HP: 30/48 MP: 10/10
  4709 | D:5      | Reached skill level 1 in Shapeshifting
  5081 | D:5      | Reached skill level 1 in Evocations
  5348 | D:5      | Bought a potion of mutation for 112 gold pieces
  5348 | D:5      | Bought a potion of heal wounds for 70 gold pieces
  5348 | D:5      | Bought a potion of degeneration for 14 gold pieces
  5474 | D:6      | Reached skill level 1 in Stealth
  5474 | D:6      | Gained mutation: You have hoof-like feet. [demonic
                  | ancestry]
  5474 | D:6      | Reached XP level 7. HP: 48/55 MP: 11/13
  5487 | D:6      | Reached skill level 1 in Throwing
  5838 | D:6      | Reached skill level 5 in Spellcasting
  5946 | D:6      | Reached skill level 5 in Fighting
  5956 | D:6      | Reached XP level 8. HP: 18/62 MP: 16/16
  6212 | D:6      | HP: 3/62 [vampire mosquito (5)]
  6214 | D:6      | Slain by a basilisk

Illustrated notes

Levels and vault maps discovered:
D:1:      minmay_arrival_cross, layout_loops_corners
D:2:      layout_basic, chequers_ecumenical_altar_simple
D:3:      layout_basic
D:4:      layout_cave_pools, minmay_temple_entry_mist
D:5:      layout_basic, st_stairs_6, nicolae_stop_n_shop_1
D:6:      kennysheep_big_flooded_room, layout_basic, nemelex_spade_bored_becter,
          uniq_edmund
Temple:   grunt_wide_crystal_templ

Skill      XL: |  1  2  3  4  5  6  7 |
---------------+----------------------+-----
Armour         | 3 |  3.3
Spellcasting   | 1 2 3 4 5 |  5.6
Dodging        | 1 2 3 |  3.0
Fighting       | 4 5 |  5.0
Shapeshifting  | 1 |  1.0
Evocations     | 1 |  1.0
Stealth        | 1 |  1.0
Throwing       | 1 |  1.0
Shields        | 3 |  3.0
Short Blades   | 2 |  2.2

Action                     |  1- 3 |  4- 6 |  7- 9 || total
---------------------------+-------+-------+-------++-------
  Melee: Rapier            |    81 |       |       ||    81
         Kick              |    26 |    44 |    18 ||    88
         Short sword       |    68 |   145 |    56 ||   269
         Dagger            |       |    75 |       ||    75
         Tailslap          |       |     9 |    11 ||    20
  Throw: Stone             |     3 |       |     4 ||     7
    Use: Scroll            |     4 |     5 |     1 ||    10
         Potion            |       |     4 |     1 ||     5
 Armour: Scale mail        |    77 |   119 |    67 ||   263
  Dodge: Dodged            |    63 |    77 |    32 ||   172
  Block: Buckler           |    39 |       |       ||    39
         Kite shield       |       |    93 |    34 ||   127

Table legend: (Time is in decaauts)
 A = Elapsed time spent in this place.
 B = Non-inter-level travel time spent in this place.
 C = Inter-level travel time spent in this place.
 D = Time resting spent in this place.
 E = Time spent auto-exploring this place.
 F = Levels seen in this place.
 G = Mean time per level.
                   A        B        C        D        E       F      G
               +--------+--------+--------+--------+--------+-----+--------+
         Total |   6230 |   5279 |    951 |    816 |   3216 |   7 |  890.0 |
       Dungeon |   6228 |   5277 |    951 |    816 |   3216 |   6 | 1038.0 |
        Temple |      1 |      1 |      0 |      0 |      0 |   1 |    1.0 |
               +--------+--------+--------+--------+--------+-----+--------+

Top non-repeatable levels by time:
     D:2: 1533 daAuts
     D:1: 1231 daAuts
     D:5: 1073 daAuts
     D:3: 1070 daAuts
     D:6: 814 daAuts
     D:4: 505 daAuts
  Temple: 1 daAuts
